AoeStats
← hablam

Lombardia

508456095Analyzed
2v2 RM · 9d ago on Sep 22, 2026· 31m 52s· 4 players
Game mode
Random Map
Map size
Medium (4 player)
Population
200
Speed
Normal
Resources
Standard
Victory
Conquest
Starting age
Dark Age
Ending age
Imperial Age
RankedLock teamsTeams togetherTeam positionsShared explorationLock speedFull tech treeHidden civsTurbo modeCheats
Victory
Defeat
🇸🇪 Goths · Sweden
1362
+15
🇮🇳 Wei · India
1329
+16
🇩🇪 Vikings · Germany
1338
-15
🇩🇪 Koreans · Germany
1338
-16
Schabbacher
6:57 Loom
9:19 Feudal Age
10:06 Double-Bit Axe
18:41 Gold Mining
19:26 Stone Mining
19:41 Horse Collar
23:40 Castle Age
24:57 Bow Saw
26:12 Gold Shaft Mining
Holzhacker
14:08 Feudal Age
14:32 Horse Collar
18:00 Castle Age
18:55 Double-Bit Axe
19:15 Gold Mining
22:32 Loom
27:17 Heavy Plow
33:55 Imperial Age
hablam
9:14 Feudal Age
9:17 Man-at-Arms
12:22 Double-Bit Axe
14:00 Loom
21:43 Castle Age
21:32 Forging
22:41 Horse Collar
23:20 Squires
22:42 Long Swordsman
23:23 Squires
24:05 Scale Mail Armor
24:40 Iron Casting
27:03 Bow Saw
32:09 Heavy Plow
Champ
6:52 Loom
9:48 Feudal Age
10:29 Double-Bit Axe
10:26 Horse Collar
11:18 Town Watch
19:53 Castle Age
19:39 Fletching
19:49 Padded Archer Armor
20:00 Bloodlines
20:42 Wheelbarrow
20:41 Bodkin Arrow
21:29 Leather Archer Armor
22:58 Bow Saw
25:56 Heavy Plow
26:09 Husbandry
30:50 Hand Cart
Connection lost

Rejoining the realm…

Still unreachable

The connection could not be restored.

Session expired

The server has moved on; the page needs a fresh start.